 Dungeon Crawl Stone Soup version 0.27-a0-1301-g128193abf8 (webtiles) character file.

Game seed: 11778657533007167463

60 bilbop the Skirmisher (level 4, -4/40 HPs)
             Began as a Hill Orc Fighter on June 18, 2021.
             Slain by a gnoll (5 damage)
             ... on level 2 of the Dungeon.
             The game lasted 00:04:44 (1761 turns).

bilbop the Skirmisher (Hill Orc Fighter)            Turns: 1761, Time: 00:04:45

Health: -4/40      AC:  7    Str: 18    XL:     4   Next: 6%
Magic:  5/5        EV:  7    Int:  8    God:
Gold:   80         SH:  9    Dex: 11    Spells: 3/3 levels left

rFire    . . .     SeeInvis .   a - +0 war axe
rCold    . . .     Faith    .   c - +0 kite shield
rNeg     . . .     Spirit   .   b - +0 scale mail
rPois    .         Reflect  .   (no helmet)
rElec    .         Harm     .   (no cloak)
rCorr    .         Rampage  .   (no gloves)
Will     .....                  (no boots)
Stlth    ..........             (no amulet)
HPRegen  0.13/turn              (no ring)
MPRegen  0.09/turn              (no ring)

@: no status effects
A: no striking features
a: no special abilities


You were on level 2 of the Dungeon.
You visited 1 branch of the dungeon, and saw 2 of its levels.

You collected 80 gold pieces.

Inventory:

Hand Weapons
 a - a +0 war axe (weapon)
Missiles
 h - 49 sling bullets
 l - 43 bolts
Armour
 b - a +0 scale mail (worn)
 c - a +0 kite shield (worn)
Scrolls
 e - a scroll of enchant weapon {unknown}
 f - a scroll of holy word {unknown}
 i - 2 scrolls of enchant armour {unknown}
 j - a scroll of noise {unknown}
 k - a scroll of teleportation {unknown}
Potions
 d - a potion of might
 g - a potion of ambrosia {unknown}
 m - a potion of flight {unknown}


   Skills:
 + Level 4.1 Fighting
 + Level 3.4 Axes
 + Level 3.8 Armour
 + Level 3.7 Shields
 + Level 1.8 Invocations


You had 3 spell levels left.
You didn't know any spells.
Your spell library was empty.

Dungeon Overview and Level Annotations

Branches:
Dungeon (2/15)

Altars:


Message History

a +0 short sword; a kobold corpse
Things that are here:
a +0 short sword; a kobold corpse You open the door.
There is an open door here.
A gnoll comes into view. It is wielding a +0 whip.
The gnoll shouts! 2 gnolls come into view.
A gnoll comes into view. It is wielding a +0 spear.
The gnoll shouts!
You closely miss the gnoll. You block the gnoll's attack.
The gnoll barely misses you.
You slash the gnoll!
The gnoll is almost dead.
The gnoll hits you from afar with a +0 spear.
The gnoll barely misses you. The gnoll hits you but does no damage.
You hit the gnoll but do no damage.
The gnoll is almost dead.
The gnoll hits you with a +0 whip. The gnoll barely misses you.
The gnoll hits you from afar with a +0 spear. x2
The gnoll hits you with a +0 whip.
You barely miss the gnoll.
The gnoll is almost dead.
The gnoll hits you from afar with a +0 spear.
The gnoll hits you with a +0 whip!
* * * LOW HITPOINT WARNING * * *
You block the gnoll's attack.
The gnoll hits you from afar with a +0 spear.
* * * LOW HITPOINT WARNING * * *
You hit the gnoll.
You kill the gnoll!
You block the gnoll's attack. The gnoll hits you but does no damage.
The gnoll barely misses you.
You have reached level 4!
You closely miss the gnoll. The gnoll hits you with a +0 whip.
* * * LOW HITPOINT WARNING * * *
You block the gnoll's attack. The gnoll hits you but does no damage.
You barely miss the gnoll.
The gnoll hits you from afar with a +0 spear.
You die...

#### .#....#####
######## .....ggg@.#
#......# ......###.#
#......# ##... #.#
#......# #...
###.####......# #.#
#......'......# . #
#.##.###.)....#
.#.#.##.###......#####
......................
#.......#####..######


You could see 3 gnolls.

Vanquished Creatures
  2 adders (D:2)
  A gnoll (D:2)
  2 endoplasms (D:1)
  2 giant cockroaches
  A goblin (D:2)
  6 hobgoblins
  4 jackals (D:2)
  2 kobolds
  A quokka (D:2)
  2 ball pythons
  2 bats (D:1)
  A frilled lizard (D:1)
  3 rats
29 creatures vanquished.

Notes
Turn   | Place    | Note
-------+----------+-------------------------------------------
     0 | D:1      | bilbop the Hill Orc Fighter began the quest for the Orb.
     0 | D:1      | Reached XP level 1. HP: 19/19 MP: 1/1
   235 | D:1      | Reached XP level 2. HP: 14/27 MP: 2/2
   623 | D:1      | Reached skill level 1 in Invocations
   863 | D:1      | Found a faded altar of an unknown god.
  1007 | D:2      | Reached XP level 3. HP: 7/33 MP: 2/4
  1265 | D:2      | Reached skill level 4 in Fighting
  1759 | D:2      | Reached XP level 4. HP: 3/40 MP: 5/5
  1760 | D:2      | HP: 1/40 [gnoll (2)]
  1761 | D:2      | Slain by a gnoll

Illustrated notes

Levels and vault maps discovered:
D:1:      wander_arrival_abandoned_jail, layout_basic,
          dilly_ecumenical_altar_fadedgnrine
D:2:      layout_basic, minmay_misc_feat_enclosed

Skill      XL: |  1  2  3 |
---------------+----------+-----
Axes           | 3 |  3.4
Invocations    | 1 |  1.8
Fighting       | 4 |  4.1
Armour         | |  3.8
Shields        | |  3.7

Action                   |  1- 3 |  4- 6 || total
-------------------------+-------+-------++-------
Melee: War axe           |    99 |     2 ||   101
Armor: Scale mail        |    51 |     1 ||    52
Dodge: Dodged            |    36 |       ||    36
Block: Kite shield       |    53 |     1 ||    54

Table legend: (Time is in decaauts)
 A = Elapsed time spent in this place.
 B = Non-inter-level travel time spent in this place.
 C = Inter-level travel time spent in this place.
 D = Time resting spent in this place.
 E = Time spent auto-exploring this place.
 F = Levels seen in this place.
 G = Mean time per level.
                   A        B        C        D        E       F      G
               +--------+--------+--------+--------+--------+-----+--------+
         Total |   1819 |   1780 |     39 |    393 |   1139 |   2 |  909.5 |
       Dungeon |   1819 |   1780 |     39 |    393 |   1139 |   2 |  909.5 |
               +--------+--------+--------+--------+--------+-----+--------+

Top non-repeatable levels by time:
     D:1: 924 daAuts
     D:2: 894 daAuts
